 Dungeon Crawl Stone Soup version 0.23.2-33-g5129a83184 (webtiles) character file.

Game seed: 17847650773991193112

130711 Fairytaker the Destroyer (level 16, -5/113 HPs)
             Began as a Mummy Fire Elementalist on Aug 1, 2019.
             Was the Champion of Vehumet.
             Slain by a troll (8 damage)
             ... on level 1 of the Orcish Mines on Aug 2, 2019.
             The game lasted 02:01:51 (31883 turns).

Fairytaker the Destroyer (Mummy Fire Elementalist) Turns: 31883, Time: 02:01:52

Health: -5/113     AC: 11    Str: 11    XL:     16   Next: 53%
Magic:  43/43      EV: 15    Int: 30    God:    Vehumet [******]
Gold:   2252       SH:  5    Dex: 13    Spells: 8/41 levels left

rFire    + . .     SeeInvis .   w - staff of fire
rCold    . . .     Gourm    .   h - +0 buckler
rNeg     + + +     Faith    .   Y - +2 robe {MR+}
rPois    ∞         Spirit   .   e - +3 hat of Pondering {ponderous, MR+ MP+10 Int+5}
rElec    .         Reflect  .   C - +1 cloak {+Inv}
rCorr    .         Harm     .   N - +0 pair of gloves
MR       ++++.                  B - +0 pair of boots
Stlth    ++........             p - amulet of magic regeneration
HPRegen  0.28/turn              z - +4 ring of intelligence
MPRegen  0.53/turn              r - ring of fire

@: slow
A: no food or potions, fire vulnerability, cold resistance 1, negative energy
resistance 3, torment resistance, unbreathing, in touch with death 1
a: Renounce Religion, Evoke Invisibility


You were on level 1 of the Orcish Mines.
You worshipped Vehumet.
Vehumet was exalted by your worship.
You were not hungry.

You visited 4 branches of the dungeon, and saw 24 of its levels.
You also visited: Gauntlet and Ice Cave.

You collected 2252 gold pieces.

Inventory:

Hand Weapons
 l - a +0 vampiric war axe
 J - a +3 scimitar of flaming
Missiles
 i - 16 silver javelins
 o - 8 tomahawks of returning
 q - 61 tomahawks (quivered)
Armour
 a - +0 acid dragon scales
 e - the +3 hat of Pondering (worn) {ponderous, MR+ MP+10 Int+5}
   (You found it in a Gauntlet)

   It affects your intelligence (+5).
   It affects your resistance to hostile enchantments.
   It affects your magic capacity (+10).
 h - a +0 buckler (worn)
 B - a +0 pair of boots (worn)
 C - a +1 cloak of invisibility (worn)
 K - a +0 troll leather armour
 N - a +0 pair of gloves (worn)
 W - the +2 robe "Osyul" {rC+}
   (You found it on level 6 of the Lair of Beasts)

   It protects you from cold.
 X - a +2 helmet
 Y - a +2 robe of magic resistance (worn)
Magical Staves
 w - an uncursed staff of fire (weapon)
 G - an uncursed staff of energy
 M - an uncursed staff of cold
Jewellery
 c - an uncursed ring of protection from fire
 k - an uncursed ring of flight
 p - an amulet of magic regeneration (around neck)
 r - a ring of fire (right hand)
 x - an uncursed ring of ice
 z - a +4 ring of intelligence (left hand)
 A - an uncursed ring of protection from magic {unknown}
 E - an uncursed ring of fire
 Q - an uncursed ring of wizardry
Wands
 n - a wand of flame (53)
 y - a wand of paralysis (13)
 I - a wand of polymorph (18)
 L - a wand of digging (5)
 S - a wand of disintegration (15)
 V - a wand of acid (9)
Scrolls
 b - 20 scrolls of remove curse
 d - 5 scrolls of amnesia
 f - a scroll of enchant weapon
 g - 8 scrolls of teleportation
 j - a scroll of vulnerability
 m - 3 scrolls of holy word {unknown}
 s - a scroll of acquirement
 t - a scroll of torment
 v - 2 scrolls of fear {unknown}
 D - 4 scrolls of magic mapping
 F - a scroll of random uselessness {unknown}
 H - 2 scrolls of immolation
 O - a scroll of summoning {unknown}
 P - 4 scrolls of noise
 R - a scroll of brand weapon {unknown}
 T - 5 scrolls of enchant armour
 U - a scroll of identify
Miscellaneous
 u - 2 sacks of spiders


   Skills:
 - Level 6.3 Fighting
 + Level 5.9 Dodging
 - Level 1.5 Stealth
 - Level 4.0 Shields
 + Level 13.4 Spellcasting
 * Level 13.5 Conjurations
 - Level 2.0 Charms
 + Level 12.7 Fire Magic
 * Level 3.9 Ice Magic
 - Level 8.4 Air Magic
 + Level 2.5 Earth Magic
 + Level 7.1 Evocations


You had 8 spell levels left.
You knew the following spells:

 Your Spells              Type           Power        Failure   Level  Hunger
b - Sticky Flame          Conj/Fire      ########     1%          4    N/A
c - Fireball              Conj/Fire      ########..   1%          5    N/A
d - Mephitic Cloud        Conj/Pois/Air  ######..     1%          3    N/A
e - Swiftness             Chrm/Air       ######..     1%          2    N/A
f - Airstrike             Air            ######....   1%          4    N/A
g - Lightning Bolt        Conj/Air       ######....   1%          5    N/A
h - Iron Shot             Conj/Erth      ######....   4%          6    N/A
i - Throw Icicle          Conj/Ice       ######..     1%          4    N/A

Your spell library contained the following spells:

 Spells                   Type           Power        Failure   Level  Hunger
 Freezing Cloud           Conj/Ice/Air   ######....   3%          6    N/A
 Flame Tongue             Conj/Fire      #####        0%          1    N/A
 Throw Flame              Conj/Fire      ######       0%          2    N/A
 Freeze                   Ice            ####         1%          1    N/A
 Infusion                 Chrm           ####         1%          1    N/A
 Shock                    Conj/Air       ####         1%          1    N/A
 Sting                    Conj/Pois      ####         1%          1    N/A
 Poisonous Vapours        Pois/Air       #####.       1%          2    N/A
 Song of Slaying          Chrm           ####....     1%          2    N/A
 Throw Frost              Conj/Ice       ######       1%          2    N/A
 Conjure Flame            Conj/Fire      ########     1%          3    N/A
 Inner Flame              Hex/Fire       #######.     1%          3    N/A
 Static Discharge         Conj/Air       ######..     1%          3    N/A
 Bolt of Draining         Conj/Necr      ######....   1%          5    N/A
 Bolt of Magma            Conj/Fire/Erth ########..   1%          5    N/A
 Iskenderun's Battlesphe  Conj/Chrm      ######..     1%          5    N/A
 Venom Bolt               Conj/Pois      ######....   1%          5    N/A
 Animate Skeleton         Necr           N/A          2%          1    N/A
 Pain                     Necr           ####         2%          1    N/A
 Shroud of Golubria       Chrm/Tloc      ####......   2%          2    N/A
 Ozocubu's Armour         Chrm/Ice       #####...     2%          3    N/A
 Orb of Destruction       Conj           #######...   2%          7    N/A
 Corpse Rot               Necr           N/A          3%          2    N/A
 Spectral Weapon          Hex/Chrm       ####....     4%          3    N/A
 Olgreb's Toxic Radiance  Pois           ###.....     7%          4    N/A
 Vampiric Draining        Necr           ####......   8%          3    N/A
 Summon Ice Beast         Ice/Summ       ####....     11%         4    N/A
 Animate Dead             Necr           N/A          24%         4    N/A
 Spellforged Servitor     Conj/Summ      ######....   32%         7    N/A
 Excruciating Wounds      Chrm/Necr      #####.....   41%         5    N/A
 Agony                    Necr           ####....     56%         5    N/A
 Dispel Undead            Necr           ####....     56%         5    N/A
 Sublimation of Blood     Necr           Unusable     N/A         2    N/A
 Regeneration             Chrm/Necr      Unusable     N/A         3    N/A

Dungeon Overview and Level Annotations

Branches:
Dungeon (15/15)            Temple (1/1) D:6            Lair (6/6) D:9
  Swamp (0/4) Lair:2        Snake (0/4) Lair:2        Slime (0/5) Lair:5
    Orc (2/2) D:9          Vaults (0/5) D:14         Depths (0/5) D:15
    Elf: Orc:2

Altars:
Ashenzari
Cheibriados
Dithmenos
Elyvilon
Fedhas
Hepliaklqana
Makhleb
Nemelex Xobeh
Qazlal
Ru
Sif Muna
Trog
Vehumet
Wu Jian
Xom
Yredelemnul
Zin
The Shining One
Jiyva

Shops:
D:15 (   Orc:2 [

Portals:
Hell: Lair:6

Annotations:
D:9 exclusion: obsidian statue
D:13 3 runed translucent doors, euginm's ghost, journeyman SpEn; ikjuyhgtrf's ghost, journeyman MiFi


Innate Abilities, Weirdness & Mutations

You do not eat or drink.
Your flesh is vulnerable to fire.
You are immune to poison.
Your flesh is cold resistant. (rC+)
You are immune to negative energy. (rN+++)
You are immune to unholy pain and torment.
You can survive without breathing.
You are in touch with the powers of death.


Message History

The troll claws you but does no damage.
The troll is engulfed in noxious fumes.
The troll appears confused.
The troll laughs at nothing.
The orc is engulfed in noxious fumes.
The orc appears confused.
The ogre hits you with a +0 giant club!
* * * LOW HITPOINT WARNING * * *
You block the troll's attack. The troll misses you. The troll claws you.
* * * LOW HITPOINT WARNING * * *
Things that are here:
a +0 mace; a +0 chain mail; a cursed -1 scimitar
Okay, then.
As you read the scroll of torment, it crumbles to dust.
You feel a surge of unholy energy.
The troll convulses!
The ogre convulses! x2
The two-headed ogre convulses!
The troll convulses!
The troll shouts, "What's happening?!"
The troll bites the ogre!
The ogre is killed!
Vehumet accepts your kill.
You feel your power returning. The troll bites you!
You die...

#.....###..[.[)..[..###.##
.#.....#####.....#.##.##.###
..#.#.## #.[.)####.......#####
......######...[..##........##.##
......#.#....[[[##.(........#...#
..........[.###)[o(..........#..#
...#......[.##.#OT○..##.##.......
..#........#....#>○[[######.....#
...#......)[..[O@TO.[..##.....###
...#......[[....[########....##
...#.........#[[..#######.##.#
.......##....).[[##.._..######
.......###......##.≈...≈.####
..##.######...[..#.≈≈.≈≈.#..#
.##..#.##.#......#..≈.≈..#.##
#####.......#.#..##.≈.≈.##.###
### ##.##..#####..###.####...####


You could see a two-headed ogre (confused), 2 trolls, an ogre and an orc
(confused).

Vanquished Creatures
  Rupert (Lair:6)
  Kirke (D:14)
  A frost giant (IceCv)
  An orc warlord (Orc:1)
  Louise (D:15)
  The ghost of Ophuturch the Transmogrifier, a journeyman TrAr of Wu Jian (Lair:2)
  3 dire elephants
  A minotaur (Gauntlet)
  2 ogre magi
  8 hydras
  Fannar (D:11)
  The ghost of jesusflecha the Blocker, a journeyman GrBe of Trog (Lair:1)
  8 vault guards (D:14)
  A centaur warrior (D:12)
  13 two-headed ogres
  4 tengu warriors
  2 death yaks
  A queen ant (D:11)
  A sun demon (Lair:6)
  3 sixfirhies (Gauntlet)
  A skeletal warrior (D:15)
  2 deep trolls (Orc:2)
  An unseen horror (D:15)
  A flayed ghost (D:15)
  A wizard (Lair:6)
  A glowing orange brain (shapeshifter) (D:13)
  A spectral hydra (Lair:2)
  4 orc knights
  A tengu zombie (D:15)
  A necromancer (D:15)
  3 oklob plants
  8 ugly things
  3 orc sorcerers
  A deep elf mage (D:15)
  4 cyclopes
  34 elephants
  3 manticores
  Maurice (D:9)
  A fire giant skeleton (D:15)
  A spriggan zombie (D:15)
  6 black mambas
  11 spiny frogs
  Psyche (D:9)
  2 ice statues
  7 rime drakes
  2 orange demons (Lair:6)
  3 komodo dragons
  A kobold demonologist (D:12)
  A guardian mummy (D:15)
  An efreet (D:13)
  2 ice devils (Lair:6)
  17 polar bears
  12 trolls
  A red devil (Lair:6)
  A tengu conjurer (D:15)
  3 meliai (D:15)
  A polar bear (shapeshifter) (D:13)
  Grinder (D:4)
  19 slime creatures
  5 dream sheep
  An ice dragon zombie (D:15)
  6 hippogriffs
  A spectral black mamba (Lair:2)
  23 blink frogs
  A meliai zombie (D:13)
  2 spriggans
  2 wyverns
  5 basilisks
  4 wraiths
  2 steam dragons
  3 hogs (D:14)
  47 yaks
  3 hungry ghosts
  7 vampire mosquitoes
  21 soldier ants
  A spectral spiny frog (Lair:2)
  10 water moccasins
  4 wargs (Orc:1)
  An acid dragon (Gauntlet)
  4 nagas (Lair:2)
  4 hell hounds (Lair:6)
  Duvessa (D:5)
  13 porcupines
  33 orc warriors
  A swamp drake (D:9)
  3 ice beasts
  A sky beast (D:12)
  A black bear (D:12)
  6 phantoms
  2 hornet zombies
  29 ogres
  22 wolves
  9 centaurs
  9 crocodiles
  5 big kobolds
  Blork the orc (D:6)
  10 bullfrogs
  A wyvern zombie (D:15)
  A scorpion (D:6)
  Dowan (D:5)
  13 killer bees
  10 wights
  5 electric eels
  8 centaur zombies
  13 crimson imps
  5 jellies
  2 komodo dragon simulacra (Lair:2)
  2 bullfrog zombies
  20 orc wizards
  A bullfrog skeleton (D:4)
  6 centaur skeletons
  18 orc priests
  13 hounds
  3 iguanas
  29 worker ants
  Natasha (thrice) (D:2)
  A hound skeleton (D:8)
  12 adders
  4 gnolls
  6 shadow imps
  12 white imps (Lair:3)
  2 oozes
  2 adder zombies
  3 worms
  6 leopard geckos
  78 orcs
  A ball python (D:3)
  8 bats
  6 giant cockroaches
  11 goblins
  7 hobgoblins
  17 jackals
  21 kobolds
  2 quokkas
  5 frilled lizards
  A leopard gecko skeleton (D:6)
  A quokka skeleton (D:5)
  5 rats
  7 fungi
  7 plants
  2 withered plants (D:15)
904 creatures vanquished.

Vanquished Creatures (others)
  2 wolves (IceCv)
  A bullfrog (Lair:5)
  11 fungi
  3 plants
17 creatures vanquished.

Grand Total: 921 creatures vanquished

Notes
Turn   | Place    | Note
-------+----------+-------------------------------------------
     0 | D:1      | Fairytaker the Mummy Fire Elementalist began the quest for
                  | the Orb.
     0 | D:1      | Reached XP level 1. HP: 13/13 MP: 4/4
    44 | D:1      | Reached skill level 1 in Conjurations
   199 | D:1      | Reached XP level 2. HP: 19/19 MP: 3/5
  1134 | D:1      | Reached XP level 3. HP: 17/24 MP: 0/7
  1641 | D:2      | Reached XP level 4. HP: 30/30 MP: 5/8
  1772 | D:2      | Learned a level 4 spell: Sticky Flame
  2269 | D:2      | Found a hazy altar of Hepliaklqana.
  2356 | D:2      | Noticed Natasha
  2716 | D:2      | Killed Natasha
  3122 | D:2      | Noticed Natasha
  3127 | D:2      | Killed Natasha
  3127 | D:2      | Reached XP level 5. HP: 31/35 MP: 5/10
  3557 | D:2      | Noticed Natasha
  3562 | D:2      | Killed Natasha
  3881 | D:3      | Found a stormy altar of Qazlal.
  3882 | D:3      | Found a white marble altar of Elyvilon.
  5231 | D:4      | Reached XP level 6. HP: 41/41 MP: 9/11
  5252 | D:4      | Learned a level 5 spell: Fireball
  5299 | D:4      | Found a stormy altar of Qazlal.
  5354 | D:4      | Noticed Grinder
  5365 | D:4      | Paralysed by Grinder for 4 turns
  5496 | D:4      | Paralysed by Grinder for 7 turns
  5511 | D:4      | Killed Grinder
  6140 | D:5      | Entered Level 5 of the Dungeon
  6181 | D:4      | Reached XP level 7. HP: 37/46 MP: 9/13
  6441 | D:5      | Found a deep blue altar of Sif Muna.
  6442 | D:5      | Found a blossoming altar of Fedhas.
  6559 | D:5      | Reached skill level 5 in Spellcasting
  6817 | D:5      | Found a shattered altar of Ashenzari.
  6851 | D:5      | Reached skill level 5 in Conjurations
  6851 | D:5      | Reached skill level 5 in Fire Magic
  6924 | D:5      | Noticed Dowan
  6937 | D:5      | Killed Dowan
  6940 | D:5      | Noticed Duvessa
  6960 | D:5      | Killed Duvessa
  6960 | D:5      | Reached XP level 8. HP: 45/52 MP: 13/16
  7452 | D:6      | Noticed Blork the orc
  7461 | D:6      | Killed Blork the orc
  7552 | D:6      | Found a staircase to the Ecumenical Temple.
  7560 | Temple   | Entered the Ecumenical Temple
  7566 | Temple   | Became a worshipper of Vehumet
  7783 | D:6      | Reached skill level 1 in Shields
  8271 | D:7      | Reached XP level 9. HP: 57/57 MP: 10/18
  8598 | D:7      | You fall through a shaft for 3 floors!
  8598 | D:10     | Entered Level 10 of the Dungeon
  9002 | D:9      | Learned a level 3 spell: Mephitic Cloud
  9124 | D:8      | Reached * piety under Vehumet
  9124 | D:8      | Offered knowledge of Freeze by Vehumet.
  9927 | D:8      | Found a glowing silver altar of Zin.
  9928 | D:8      | Found a burning altar of Makhleb.
  9929 | D:8      | Noticed an angel
  9929 | D:8      | Noticed a blizzard demon
 10401 | D:9      | Reached ** piety under Vehumet
 10401 | D:9      | Reached XP level 10. HP: 63/63 MP: 17/21
 10418 | D:9      | Offered knowledge of Magic Dart by Vehumet.
 10484 | D:9      | Noticed Maurice
 10603 | D:9      | Found a snail-covered altar of Cheibriados.
 10668 | D:9      | Killed Maurice
 10877 | D:9      | Found a staircase to the Lair.
 10970 | D:9      | Noticed an obsidian statue
 11048 | D:9      | Noticed Psyche
 11051 | D:9      | Killed Psyche
 11171 | D:9      | Offered knowledge of Dazzling Spray by Vehumet.
 11353 | D:9      | Found a staircase to the Orcish Mines.
 11519 | D:9      | Noticed a sixfirhy
 12238 | D:10     | Reached skill level 1 in Fighting
 12265 | D:10     | Reached *** piety under Vehumet
 12697 | D:10     | Learned a level 2 spell: Swiftness
 12759 | D:11     | Noticed a manticore
 12762 | D:11     | Killed a manticore
 12825 | D:11     | Reached XP level 11. HP: 31/72 MP: 14/23
 13117 | D:11     | Reached skill level 1 in Air Magic
 13188 | D:11     | Noticed a two-headed ogre
 13191 | D:11     | Killed a two-headed ogre
 13418 | D:11     | Offered knowledge of Ignite Poison by Vehumet.
 13553 | D:11     | Noticed a seven-headed hydra
 13556 | D:11     | Killed a seven-headed hydra
 13822 | D:11     | Reached **** piety under Vehumet
 13950 | D:11     | Noticed Fannar
 14215 | D:11     | Killed Fannar
 14215 | D:11     | Offered knowledge of Bolt of Draining by Vehumet.
 14549 | D:11     | Noticed a queen ant
 14556 | D:11     | Killed a queen ant
 14556 | D:11     | Reached skill level 1 in Evocations
 14822 | Lair:1   | Entered Level 1 of the Lair of Beasts
 14854 | Lair:1   | Noticed an eight-headed hydra
 14907 | Lair:1   | Killed an eight-headed hydra
 14907 | Lair:1   | Reached XP level 12. HP: 83/83 MP: 13/25
 15189 | Lair:1   | Reached skill level 10 in Spellcasting
 15446 | Lair:1   | Reached skill level 10 in Fire Magic
 15519 | Lair:1   | Found a runed translucent gate.
 15519 | Lair:1   | Found a runed translucent gate.
 15519 | Lair:1   | Found a runed translucent gate.
 15531 | Lair:1   | Found a viscous altar of Jiyva.
 15531 | Lair:1   | Noticed jesusflecha's ghost (journeyman GrBe)
 16056 | Lair:1   | Identified a scroll of acquirement
 16127 | Lair:2   | Found a gate leading to a gauntlet.
 16138 | Lair:2   | Learned a level 4 spell: Airstrike
 16141 | Gauntlet | Entered a Gauntlet
 16141 | Gauntlet | Found a transporter.
 16148 | Gauntlet | Found a runed translucent door.
 16151 | Gauntlet | Found a transporter.
 16151 | Gauntlet | Found a transporter.
 16168 | Gauntlet | Found a transporter.
 16169 | Gauntlet | Found a transporter.
 16175 | Gauntlet | Noticed a dire elephant
 16181 | Gauntlet | Found a transporter.
 16196 | Gauntlet | Found a transporter.
 16206 | Gauntlet | Found a transporter.
 16211 | Gauntlet | Found a transporter.
 16211 | Gauntlet | Found a transporter.
 16220 | Gauntlet | Found a transporter.
 16225 | Gauntlet | Found a transporter.
 16270 | Gauntlet | Found a transporter.
 16273 | Gauntlet | Found the +3 hat of Pondering {ponderous, MR+ MP+10 Int+5}
 16284 | Gauntlet | Found a transporter.
 16371 | Gauntlet | Reached skill level 10 in Conjurations
 16957 | Gauntlet | Noticed a minotaur
 16963 | Gauntlet | Killed a minotaur
 17139 | Lair:2   | Reached skill level 5 in Fighting
 17154 | Lair:2   | Reached ***** piety under Vehumet
 17296 | Lair:2   | Noticed a five-headed hydra
 17388 | Lair:2   | Killed a five-headed hydra
 17388 | Lair:2   | Reached skill level 5 in Air Magic
 17525 | Lair:2   | Offered knowledge of Fulminant Prism by Vehumet.
 17564 | Lair:2   | Found a staircase to the Snake Pit.
 17577 | Lair:2   | Found a staircase to the Swamp.
 17598 | Lair:2   | Found a runed translucent gate.
 17599 | Lair:2   | Found a runed translucent gate.
 17599 | Lair:2   | Found a runed translucent gate.
 17601 | Lair:2   | Noticed Ophuturch's ghost (journeyman TrAr)
 17915 | Lair:3   | Gained mutation: You are in touch with the powers of death.
                  | [Mummy growth]
 17915 | Lair:3   | Reached XP level 13. HP: 83/92 MP: 27/27
 17960 | Lair:3   | Found a frozen archway.
 18041 | IceCv    | Entered an ice cave
 18774 | IceCv    | Noticed a frost giant
 18778 | IceCv    | Killed a frost giant
 20828 | Lair:5   | Reached XP level 14. HP: 101/101 MP: 29/29
 21135 | Lair:5   | Offered knowledge of Yara's Violent Unravelling by Vehumet.
 21659 | Lair:5   | Reached skill level 5 in Evocations
 21837 | Lair:5   | Found a viscous altar of Jiyva.
 21837 | Lair:5   | Found a staircase to the Slime Pits.
 22151 | Lair:6   | Entered Level 6 of the Lair of Beasts
 23106 | Lair:6   | Got an ichor-stained robe
 23117 | Lair:6   | Identified the +2 robe "Osyul" {rC+} (You found it on level
                  | 6 of the Lair of Beasts)
 23592 | Lair:6   | Noticed Rupert
 23602 | Lair:6   | Killed Rupert
 23651 | Lair:6   | Learned a level 5 spell: Lightning Bolt
 24114 | Lair:6   | Reached XP level 15. HP: 106/106 MP: 31/31
 24341 | Lair:6   | Found a burning altar of Makhleb.
 24346 | Lair:6   | Found a gateway to Hell.
 24565 | D:11     | Offered knowledge of Spellforged Servitor by Vehumet.
 26021 | D:13     | Offered knowledge of Irradiate by Vehumet.
 26566 | D:13     | Found a runed translucent gate.
 26567 | D:13     | Found a runed translucent gate.
 26568 | D:13     | Found a runed translucent gate.
 26570 | D:13     | Noticed ikjuyhgtrf's ghost (journeyman MiFi)
 26570 | D:13     | Noticed euginm's ghost (journeyman SpEn)
 26980 | Lair:1   | Killed jesusflecha's ghost
 26986 | Lair:1   | Reached skill level 1 in Charms
 27185 | Lair:2   | Killed Ophuturch's ghost
 27475 | D:14     | Noticed Kirke
 27483 | D:14     | Killed Kirke
 27828 | D:14     | Reached skill level 5 in Dodging
 27906 | D:14     | Learned a level 6 spell: Iron Shot
 27911 | D:14     | Learned a level 4 spell: Throw Icicle
 27998 | D:14     | Found a gate to the Vaults.
 28203 | D:15     | Entered Level 15 of the Dungeon
 28211 | D:15     | Noticed Louise
 28417 | D:15     | Reached skill level 1 in Ice Magic
 28529 | D:15     | Killed Louise
 28612 | D:15     | Reached skill level 1 in Earth Magic
 28639 | D:15     | Reached XP level 16. HP: 113/113 MP: 33/33
 28690 | D:15     | Found Pyvvod's Antique Weapon Boutique.
 28717 | D:15     | Reached ****** piety under Vehumet
 29093 | D:15     | Found a staircase to the Depths.
 29189 | D:15     | Offered knowledge of Poison Arrow by Vehumet.
 29486 | Orc:1    | Entered Level 1 of the Orcish Mines
 29521 | Orc:2    | Entered Level 2 of the Orcish Mines
 31385 | Orc:1    | Found a bloodstained altar of Trog.
 31564 | Orc:2    | Found a radiant altar of Vehumet.
 31570 | Orc:2    | Found Lewkuly's Armour Shop.
 31634 | Orc:2    | Offered knowledge of Freezing Cloud by Vehumet.
 31882 | Orc:1    | HP: 3/113 [troll (3)]
 31883 | Orc:1    | Slain by a troll

Skill      XL: |  1  2  3  4  5  6  7  8  9 10 11 12 13 14 15 16 |
---------------+-------------------------------------------------+-----
Conjurations   | 1 2 3 4 5 6 7 8 9 10 11 12 13 | 13.5
Spellcasting   | 3 4 5 6 7 8 9 10 11 12 13 | 13.4
Fire Magic     | 3 4 5 6 7 8 9 10 11 12 | 12.7
Shields        | 1 3 4 |  4.0
Fighting       | 2 4 5 6 |  6.3
Air Magic      | 2 5 7 8 |  8.4
Evocations     | 1 3 4 5 6 7 |  7.1
Dodging        | 2 4 5 |  5.9
Charms         | 2 |  2.0
Ice Magic      | 1 3 |  3.9
Earth Magic    | 1 2 |  2.5
Stealth        | |  1.5

Action                   |  1- 3 |  4- 6 |  7- 9 | 10-12 | 13-15 | 16-18 || total
-------------------------+-------+-------+-------+-------+-------+-------++-------
Melee: Unarmed           |     8 |       |       |       |       |       ||     8
       Whip              |     3 |     3 |       |       |       |       ||     6
       Dagger            |       |     4 |    50 |       |       |       ||    54
       War axe           |       |       |     3 |       |       |       ||     3
       Long sword        |       |       |     4 |       |     1 |       ||     5
       Staff             |       |       |     3 |     8 |     1 |     2 ||    14
Throw: Stone             |     2 |    11 |       |       |       |       ||    13
       Tomahawk          |       |       |     5 |     1 |     3 |       ||     9
 Cast: Flame Tongue      |    52 |   120 |   218 |   168 |    43 |       ||   601
       Sticky Flame      |       |     5 |    29 |    48 |    35 |    21 ||   138
       Fireball          |       |       |     8 |   155 |   450 |   110 ||   723
       Mephitic Cloud    |       |       |       |     1 |       |    11 ||    12
       Airstrike         |       |       |       |       |    38 |     3 ||    41
       Lightning Bolt    |       |       |       |       |    23 |    18 ||    41
       Swiftness         |       |       |       |       |     1 |       ||     1
       Throw Icicle      |       |       |       |       |       |    19 ||    19
       Iron Shot         |       |       |       |       |       |     4 ||     4
Evoke: Wand              |       |       |       |       |       |     1 ||     1
  Use: Scroll            |       |     5 |     2 |     8 |     9 |     2 ||    26
Armor: Robe              |     4 |    13 |    22 |    18 |    29 |    32 ||   118
       Acid dragon scale |       |       |       |     8 |       |       ||     8
Dodge: Dodged            |    11 |    38 |    75 |    40 |    56 |   114 ||   334
Block: Buckler           |       |       |       |    22 |    28 |    39 ||    89
       Rpst.: Long sword |       |       |     1 |       |       |       ||     1
